AoeStats
← jhonskull87

Arabia

505879244Analyzed
4v4 RM · 22d ago on Sep 11, 2026· 50m 50s· 8 players
Game mode
Random Map
Map size
Large (8 player)
Population
200
Speed
Normal
Resources
Standard
Victory
Conquest
Starting age
Dark Age
Ending age
Imperial Age
RankedLock teamsTeams togetherTeam positionsShared explorationLock speedFull tech treeHidden civsTurbo modeCheats
Victory
Defeat
🇮🇹 Italians · Italy
724
+16
🇳🇱 Sicilians · Netherlands
698
+17
🇲🇦 Spanish · Morocco
686
+17
🇹🇷 Huns · Türkiye
665
+18
🇮🇳 Armenians · India
741
-18
🇦🇺 Mongols · Australia
732
-18
🇦🇷 Bohemians · Argentina
725
-17
🇲🇽 Persians · Mexico
678
-15
NazgulKing55
4:25 Loom
14:02 Feudal Age
14:52 Arson
15:33 Double-Bit Axe
15:32 Horse Collar
19:34 Town Watch
27:48 Scale Mail Armor
28:01 Forging
27:54 Fletching
28:43 Gold Mining
29:31 Wheelbarrow
32:00 Castle Age
32:56 Heavy Plow
35:49 Hand Cart
37:17 Town Patrol
37:33 Bow Saw
46:02 Chain Mail Armor
46:23 Iron Casting
46:59 Squires
51:07 Gold Shaft Mining
carognavera
9:32 Feudal Age
10:49 Wheelbarrow
9:58 Horse Collar
10:54 Double-Bit Axe
12:31 Gold Mining
21:07 Castle Age
19:11 Stone Mining
22:55 Hand Cart
22:53 Bow Saw
22:48 Heavy Plow
23:55 Stone Shaft Mining
31:43 Imperial Age
29:52 Squires
29:12 Pikeman
29:39 Arson
31:16 Forging
31:07 Scale Mail Armor
31:07 Padded Archer Armor
30:58 Fletching
32:20 Caravan
33:38 Chemistry
32:59 Ballistics
33:13 Heated Shot
36:43 Bodkin Arrow
37:03 Leather Archer Armor
37:04 Chain Mail Armor
37:24 Iron Casting
37:09 Elite Genoese Crossbowman
39:16 Two-Man Saw
38:53 Crop Rotation
38:10 Town Watch
39:05 Ring Archer Armor
38:36 Bracer
42:47 Blast Furnace
49:25 Town Patrol
amrani.hassan91
0:48 Loom
12:24 Feudal Age
14:53 Wheelbarrow
14:58 Double-Bit Axe
14:57 Horse Collar
15:27 Town Watch
18:11 Gold Mining
18:13 Stone Mining
23:32 Castle Age
25:49 Hand Cart
26:28 Stone Shaft Mining
27:07 Bow Saw
27:41 Heavy Plow
28:26 Town Patrol
33:48 Caravan
34:19 Coinage
36:10 Ballistics
38:33 Imperial Age
36:56 Fletching
37:07 Padded Archer Armor
37:07 Scale Mail Armor
37:18 Forging
37:14 Scale Barding Armor
38:50 Inquisition
40:14 Onager
42:53 Chemistry
41:38 Elite Conquistador
46:19 Elite Conquistador
Yolgezer442
0:31 Loom
13:59 Feudal Age
15:22 Horse Collar
15:29 Double-Bit Axe
17:20 Town Watch
18:14 Bloodlines
22:38 Scale Barding Armor
24:22 Forging
30:54 Castle Age
28:18 Man-at-Arms
28:44 Arson
jhonskull87
13:41 Feudal Age
11:57 Loom
14:02 Double-Bit Axe
14:00 Horse Collar
17:13 Bloodlines
18:39 Gold Mining
30:11 Padded Archer Armor
30:01 Fletching
Lt Cmdr Data Mikokol
0:28 Loom
12:16 Feudal Age
13:33 Wheelbarrow
12:41 Horse Collar
12:49 Double-Bit Axe
25:53 Castle Age
24:39 Bloodlines
27:20 Hand Cart
27:00 Stone Mining
27:30 Bow Saw
27:22 Heavy Plow
27:30 Husbandry
26:52 Light Cavalry
28:43 Stone Shaft Mining
34:16 Gold Mining
36:17 Forging
36:13 Scale Barding Armor
35:59 Fletching
39:25 Imperial Age
36:41 Town Watch
37:41 Iron Casting
41:11 Conscription
xime
13:43 Feudal Age
12:07 Loom
19:43 Castle Age
18:45 Double-Bit Axe
19:53 Horse Collar
25:06 Wheelbarrow
26:30 Scale Mail Armor
26:01 Pikeman
35:16 Imperial Age
36:20 Conscription
37:46 Chain Mail Armor
36:58 Man-at-Arms
37:52 Long Swordsman
39:28 Two-Handed Swordsman
41:18 Plate Mail Armor
41:24 Champion
45:55 Padded Archer Armor
48:44 Leather Archer Armor
48:21 Elite Skirmisher
findsarfaraz
1:51 Loom
13:15 Feudal Age
14:01 Double-Bit Axe
14:06 Gold Mining
14:48 Pikeman
19:46 Castle Age
19:17 Horse Collar
20:06 Stone Mining
22:38 Heavy Plow
25:21 Wheelbarrow
26:17 Bow Saw
26:47 Squires
26:58 Arson
27:15 Scale Mail Armor
27:48 Forging
28:30 Chain Mail Armor
31:14 Hand Cart
34:28 Imperial Age
32:13 Gambesons
33:21 Gold Shaft Mining
33:30 Man-at-Arms
35:34 Conscription
35:21 Fereters
35:06 Crossbowman
37:13 Plate Mail Armor
37:19 Iron Casting
36:06 Long Swordsman
37:34 Fervor
37:41 Block Printing
37:27 Two-Handed Swordsman
41:19 Chemistry
40:39 Ballistics
41:05 Padded Archer Armor
40:55 Fletching
40:27 Elite Skirmisher
41:36 Champion
43:34 Leather Archer Armor
43:15 Bodkin Arrow
44:49 Murder Holes
45:05 Fortified Wall
47:11 Arbalester
49:19 Ring Archer Armor
48:49 Bracer
Connection lost

Rejoining the realm…

Still unreachable

The connection could not be restored.

Session expired

The server has moved on; the page needs a fresh start.